Map: Inside and Out

Players

sdog - Winner!

  • Race: Zerg Zerg
  • League: Platinum
  • Spawn Location: 7:00

MattBarry

  • Race: Zerg Zerg
  • League: Silver
  • Spawn Location: 1:00

VOD

Have the link to the VOD?

Description

Time

  • Played on: Jan. 20, 2023, 4:15 p.m.
  • Length: 4:54
Show
View Real Time Build Order
Export as new Build Order

sdog Zerg - Winner!

Build Orders: Hatch First 

Get SALT Encoding   

  12  0:00  Drone  
  13  0:12  Overlord  
  13  0:19  Drone  
  14  0:34  Drone  
  14  0:35  Drone  
  16  0:51  Hatchery  
  16  0:54  Drone  
  16  0:59  Drone  
  17  1:08  Extractor  
  16  1:14  Spawning Pool  
  16  1:17  Drone  
  16  1:23  Drone  
  17  1:34  Drone x2  
  17  1:39  Overlord  
  19  2:03  Zergling x4  
  19  2:04  Zergling x2  
  19  2:06  Queen  
  24  2:14  Zergling x4  
  26  2:20  Spine Crawler  
  25  2:24  Spine Crawler  
  24  2:30  Zergling x2  
  24  2:31  Zergling x2  
  26  2:44  Queen  
  28  2:58  Zergling x2  
  28  2:59  Zergling x6  
  28  3:04  Zergling x2  
  28  3:05  Zergling x2  
  34  3:11  Overlord  
  34  3:18  Metabolic Boost  
  34  3:43  Zergling x8  
  34  3:44  Zergling x4  
  35  4:05  Zergling x4  
  35  4:06  Zergling x6  
  40  4:17  Zergling x4  
  42  4:32  Zergling x4  
  42  4:36  Overlord  
Show
View Real Time Build Order
Export as new Build Order

MattBarry Zerg 

Build Orders: Pool First 

Get SALT Encoding   

  12  0:00  Drone  
  13  0:09  Drone  
  14  0:20  Extractor  
  13  0:22  Extractor  
  13  0:24  Drone  
  13  0:25  Drone  
  16  0:38  Spawning Pool, Extractor  
  14  0:46  Overlord  
  14  1:05  Drone  
  14  1:06  Drone  
  16  1:27  Zergling x4  
  16  1:30  Zergling x2, Hatchery  
  18  1:41  Queen  
  20  1:52  Zergling x2  
  21  1:55  Zergling x2  
  21  2:00  Metabolic Boost  
  22  2:07  Evolution Chamber  
  21  2:13  Overlord  
  21  2:26  Zergling x2  
  22  2:39  Zergling x4  
  23  2:49  Zergling x2  
  25  2:51  Zergling x2  
  25  2:52  Queen  
  27  3:00  Zergling x6  
  27  3:01  Zergling x2  
  31  3:06  Zergling x4  
  33  3:30  Drone x2  
  31  3:54  Zergling x12  
  24  4:09  Zergling x8  
  27  4:18  Drone  
  28  4:28  Roach Warren  
  26  4:31  Baneling Nest  
  24  4:46  Spine Crawler  
  24  4:48  Spine Crawler  
Tags
 
Add a new tag
Caveats
  • Supply blocks, unpowered buildings, or Contaminate may cause inaccurate times.
  • Supply counts are checked every 10 seconds.